 Dungeon Crawl Stone Soup version 0.22-a0-441-gcf5b0c64b7 (webtiles) character file.

95 Banto the Sneak (level 4, -2/27 HPs)
             Began as an Octopode Earth Elementalist on May 30, 2018.
             Slain by a gnoll
             ... wielding a +0 whip
              (12 damage)
             ... on level 3 of the Dungeon.
             The game lasted 00:02:15 (1881 turns).

Banto the Sneak (Octopode Earth Elementalist)       Turns: 1881, Time: 00:02:16

Health: -2/27      AC:  1    Str:  7    XL:     4   Next: 66%
Magic:  3/7        EV: 12    Int: 18    God:
Gold:   76         SH:  0    Dex: 12    Spells: 4/7 levels left

rFire    . . .     SeeInvis .   g - +0 dagger
rCold    . . .     Gourm    .   (no shield)
rNeg     . . .     Faith    .   (helmet restricted)
rPois    .         Spirit   .   (no amulet)
rElec    .         Reflect  .   (no ring)
rCorr    .         Harm     .   (no ring)
MR       .....                  (no ring)
Stlth    +++.......             (no ring)
HPRegen  0.09/turn              (no ring)
MPRegen  0.10/turn              (no ring)
                                (no ring)
                                (no ring)

@: very slightly contaminated, heavily drained
A: almost no armour, stealthy swim, amphibious, 8 rings, constrict 8, camouflage
1, gelatinous body 1
a: no special abilities


You were on level 3 of the Dungeon.
You were not hungry.

You visited 1 branch of the dungeon, and saw 3 of its levels.

You collected 76 gold pieces.

Inventory:

Hand Weapons
 f - a +1 mace of pain
 g - a +0 dagger (weapon)
Missiles
 b - 96 stones (quivered)
Wands
 i - a wand of paralysis (10)
Scrolls
 d - a scroll of magic mapping {unknown}
 j - a scroll of fog {unknown}
Potions
 a - a potion of invisibility
 e - 3 potions of flight {unknown}
 h - a potion of curing {unknown}
 k - a potion of agility {unknown}
Comestibles
 c - a ration
 l - a chunk of flesh


   Skills:
 - Level 2.0(0.8) Dodging
 + Level 5.1(3.8) Stealth
 - Level 2.0(0.8) Spellcasting
 - Level 1.0(0.0) Transmutations
 + Level 4.2(3.0) Earth Magic


You had 4 spell levels left.
You knew the following spells:

 Your Spells              Type           Power        Failure   Level  Hunger
a - Sandblast             Erth           ##....       6%          1    ##.....
b - Passwall              Tmut/Erth      #.......     17%         2    ###....

Your spell library contained the following spells:

 Spells                   Type           Power        Failure   Level  Hunger
 Stone Arrow              Conj/Erth      #.....       32%         3    ####...
 Lee's Rapid Deconstruct  Erth           ##........   86%         5    ######.
 Petrify                  Tmut/Erth      #.......     73%         4    #####..


Dungeon Overview and Level Annotations

Branches:
Dungeon (3/15)

Altars:
Fedhas


Innate Abilities, Weirdness & Mutations

You cannot wear most types of armour.
You are very stealthy in the water. (Stealth+)
You are amphibious.
You can wear up to eight rings at the same time.
You can use your tentacles to constrict eight enemies at once.
Your skin changes colour to match your surroundings (Stealth+).
Your rubbery body absorbs attacks. (AC +1, EV +1)


Message History

Confirm with . or Enter, or press ? or * to list all spells.
Aiming: Sandblast (safe; 6% risk of failure)
Press: ? - help, Shift-Dir - straight line, f/p - gnoll
Aim: a gnoll, wielding a whip (moderately wounded)
The blast of sand hits the gnoll.
The gnoll is moderately wounded.
b - 97 stones The gnoll hits you with a whip!
You take 7 damage, and have 10/27 hp.
MASSIVE DAMAGE!!
You now have 4/7 mp.
Casting: Sandblast (safe; 6% risk of failure)
Confirm with . or Enter, or press ? or * to list all spells.
Aiming: Sandblast (safe; 6% risk of failure)
Press: ? - help, Shift-Dir - straight line, f/p - gnoll
Aim: a gnoll, wielding a whip (moderately wounded)
The blast of sand hits the gnoll.
The gnoll is severely wounded.
b - 96 stones The gnoll shouts!
The gnoll hits you with a whip!
You die...

# ###.......# ####..
. ####..>.## #.!.
#####...###.#
#...........##
...######.#...####..
........รท%..........
.#########...#.....
###.# ... #@# # #g#
#g# #r# .g. .g. >..
.....


You could see 4 gnolls and a quokka.

Vanquished Creatures
  5 adders
  An ooze (D:3)
  A dart slug (D:3)
  3 ball pythons
  3 bats
  4 goblins
  6 hobgoblins
  3 jackals (D:1)
  7 kobolds
  A quokka (D:2)
  4 frilled lizards
  6 rats
44 creatures vanquished.

Notes
Turn   | Place    | Note
-------+----------+-------------------------------------------
     0 | D:1      | Banto the Octopode Earth Elementalist began the quest for the Orb.
     0 | D:1      | Reached XP level 1. HP: 11/11 MP: 3/3
    17 | D:1      | Reached skill level 3 in Stealth
    99 | D:1      | Reached XP level 2. HP: 7/17 MP: 0/5
   781 | D:2      | Found a blossoming altar of Fedhas.
   884 | D:2      | Reached skill level 4 in Stealth
   884 | D:2      | Reached XP level 3. HP: 16/21 MP: 4/6
  1205 | D:2      | Learned a level 2 spell: Passwall
  1331 | D:2      | Found a faded altar of an unknown god.
  1577 | D:2      | Reached XP level 4. HP: 14/27 MP: 2/7
  1839 | D:3      | Reached skill level 5 in Stealth
  1881 | D:3      | Slain by a gnoll

Vault maps used:
D:1:      minmay_arrival_three_doors, moated_statue
D:2:      fedhas_altar_3, chequers_ecumenical_altar_simple_redux
D:3:      vehumet_crystals, uniq_sigmund

Skill      XL: |  1  2  3  4 |
---------------+-------------+-----
Stealth        | 3 4 5 |  5.1
Earth Magic    | 4 |  4.2
Dodging        | |  2.0
Spellcasting   | |  2.0
Transmutations | |  1.0

Action                   |  1- 3 |  4- 6 || total
-------------------------+-------+-------++-------
Melee: Spear             |    31 |       ||    31
       Constrict         |    18 |     5 ||    23
       Dagger            |    30 |    28 ||    58
       Tentacles         |     4 |     2 ||     6
 Cast: Sandblast         |    16 |    10 ||    26
  Use: Scroll            |     2 |       ||     2
 Stab: Sleeping          |    10 |     2 ||    12
  Eat: Chunk             |     2 |     2 ||     4
Armor: Skin              |     3 |     2 ||     5
Dodge: Dodged            |    40 |    17 ||    57

Table legend:
 A = Spawn XP
 B = Non-spawn XP
 C = Spawn XP percentage of total XP
 D = Spawn monster count
 E = Non-spawn monster count
 F = Spawn count percentage of total count
 G = Total turns spent on level
                    A         B        C        D         E        F      G
               +---------+---------+-------+---------+---------+-------+---------
         Total |       0 |     137 |   0.0 |       0 |      44 |   0.0 |  1881
               +---------+---------+-------+---------+---------+-------+---------
           D:1 |       0 |      27 |   0.0 |       0 |      16 |   0.0 |   760
           D:2 |       0 |      59 |   0.0 |       0 |      15 |   0.0 |   976
           D:3 |       0 |      51 |   0.0 |       0 |      13 |   0.0 |   145
               +---------+---------+-------+---------+---------+-------+---------

Table legend:
 A = Turns spent in this place as a percentage of turns spent in the entire game.
 B = Non-inter-level travel turns spent in this place as a percentage of non-inter-level travel turns spent in the entire game.
 C = Inter-level travel turns spent in this place as a percentage of turns spent in this place.
 D = Turns resting spent in this place as a percentage of non-inter-level travel turns spent in this place.
 E = Turns spent auto-exploring this place as a percentage of non-inter-level travel turns spent in this place.
 F = Non-inter-level travel turns spent in this place divided by the number of levels of this place that you've seen.
                   A       B       C       D       E      F
               +-------+-------+-------+-------+-------+----------------------
         Total | 100.0 | 100.0 |   2.8 |  27.8 |  54.1 | 609.7
       Dungeon | 100.0 | 100.0 |   2.8 |  27.8 |  54.1 | 609.7
               +-------+-------+-------+-------+-------+----------------------

Table legend:
 A = Kills in this place as a percentage of kills in entire the game.
 B = Kills by you in this place as a percentage of kills by you in the entire game.
 C = Kills by friends in this place as a percentage of kills by friends in the entire game.
 D = Other kills in this place as a percentage of other kills in the entire game.
 E = Experience gained in this place as a percentage of experience gained in the entire game.
 F = Experience gained in this place divided by the number of levels of this place that you have seen.
                   A       B       C       D       E      F
               +-------+-------+-------+-------+-------+----------------------
         Total | 100.0 | 100.0 |   N/A |   N/A | 100.0 |  45.7
       Dungeon | 100.0 | 100.0 |   N/A |   N/A | 100.0 |  45.7
               +-------+-------+-------+-------+-------+----------------------
